 Dungeon Crawl Stone Soup version 0.23.0-3-gf3c87f2df8 (webtiles) character file.

Game seed: 18311312888222924973

198 PikkenKukken the Cudgeler (level 5, -6/32 HPs)
             Began as a Tengu Fighter on Feb 22, 2019.
             Mangled by a gnoll
             ... wielding a +0 halberd
              (14 damage)
             ... on level 3 of the Dungeon.
             The game lasted 00:04:23 (2168 turns).

PikkenKukken the Cudgeler (Tengu Fighter)           Turns: 2168, Time: 00:04:25

Health: -6/32      AC:  7    Str: 16    XL:     5   Next: 77%
Magic:  6/6        EV:  8    Int:  8    God:
Gold:   132        SH: 10    Dex: 15    Spells: 4/4 levels left

rFire    . . .     SeeInvis .   a - +0 flail
rCold    . . .     Gourm    .   c - +1 shield
rNeg     . . .     Faith    .   b - +0 scale mail
rPois    .         Spirit   .   (helmet restricted)
rElec    .         Reflect  .   (no cloak)
rCorr    .         Harm     .   (no gloves)
MR       .....                  (boots unavailable)
Stlth    ..........             (no amulet)
HPRegen  0.10/turn              (no ring)
MPRegen  0.10/turn              (no ring)

@: lethally poisoned (-6 -> -14), about to teleport, flying quickly and
evasively, quick
A: beak, talons 3, able to fly
a: Stop Flying


You were on level 3 of the Dungeon.
You were not hungry.

You visited 1 branch of the dungeon, and saw 3 of its levels.

You collected 132 gold pieces.

Inventory:

Hand Weapons
 a - a +0 flail (weapon)
Armour
 b - a +0 scale mail (worn)
 c - a +1 shield (worn)
Scrolls
 d - a scroll of teleportation
 e - a scroll of enchant armour
Potions
 g - a potion of brilliance {unknown}
 h - a potion of magic {unknown}
 i - a potion of degeneration {unknown}
 j - a potion of curing {unknown}
 k - a potion of haste
 l - a potion of agility {unknown}
 n - a potion of lignification {unknown}
Comestibles
 f - 5 rations
 m - 7 chunks of flesh


   Skills:
 + Level 3.6 Fighting
 * Level 4.8 Maces & Flails
 + Level 3.9 Armour
 + Level 0.5 Dodging
 - Level 0.2 Stealth
 + Level 3.7 Shields


You had 4 spell levels left.
You didn't know any spells.
Your spell library was empty.

Dungeon Overview and Level Annotations

Branches:
Dungeon (3/15)

Altars:

Annotations:
D:3 2 transporters


Innate Abilities, Weirdness & Mutations

You have a beak for a mouth.
You have claws for feet.
You can fly continuously.


Message History

You closely miss the adder. Your kick misses the adder.
Your peck misses the adder. The adder bites you.
You are poisoned.
The adder poisons you! The adder bites you but does no damage.
You block the gnoll's attack.
You completely miss the adder. Your kick misses the adder.
You feel sick. The adder bites you. You block the gnoll's attack.
The adder barely misses you.
You miss the adder. Your kick misses the adder.
You feel sick. The adder bites you but does no damage.
The gnoll hits you from afar with a +0 halberd.
You miss the adder. The adder closely misses you.
The gnoll hits you from afar with a +0 halberd.
The adder bites you.
As you read the scroll of teleportation, it crumbles to dust.
You feel strangely unstable. The adder bites you.
* * * LOW HITPOINT WARNING * * *
You are lethally poisoned!
The adder poisons you!
The gnoll hits you from afar with a +0 halberd!
You die...

.....#
.....###################
................)......
....##..####.........###
....#8..8###..(........#
#......>..##...........#
..........##......##...
###.#8..8###......#
)...##..## #####@##
######..# ###S#
..#####.# #.gg# #...#
#.# #..g# . ###.# #.#
#...##########.. ....#
#.########....gSg....g.
....# #..#...#
#............. ....#
##.#...# #......g.....#
....####....(#
#.############


You could see 3 gnolls and an adder.

Vanquished Creatures
  An ice beast (D:2)
  2 adders
  An ooze (D:1)
  A worm (D:3)
  3 dart slugs
  4 leopard geckos
  3 orcs (D:3)
  2 giant cockroaches
  11 goblins
  6 hobgoblins
  2 jackals (D:3)
  12 kobolds
  A quokka (D:3)
  11 bats
  4 frilled lizards
  5 rats
69 creatures vanquished.

Notes
Turn   | Place    | Note
-------+----------+-------------------------------------------
     0 | D:1      | PikkenKukken the Tengu Fighter began the quest for the Orb.
     0 | D:1      | Reached XP level 1. HP: 14/14 MP: 2/2
   120 | D:1      | Reached XP level 2. HP: 19/19 MP: 3/3
   323 | D:1      | Reached XP level 3. HP: 21/23 MP: 4/4
   674 | D:1      | Reached skill level 3 in Maces & Flails
  1010 | D:2      | Reached XP level 4. HP: 26/28 MP: 5/5
  1203 | D:2      | Noticed an ice beast
  1209 | D:2      | Killed an ice beast
  1209 | D:2      | Reached skill level 4 in Maces & Flails
  1209 | D:2      | Gained mutation: You can fly continuously. [Tengu growth]
  1209 | D:2      | Reached XP level 5. HP: 32/32 MP: 6/6
  1996 | D:3      | Found a transporter.
  1999 | D:3      | Found a transporter.
  2065 | D:3      | Noticed a kobold demonologist
  2168 | D:3      | Mangled by a gnoll

Skill      XL: |  1  2  3  4 |
---------------+-------------+-----
Maces & Flails | 3 4 |  4.8
Fighting       | |  3.6
Armour         | |  3.9
Dodging        | |  0.5
Stealth        | |  0.2
Shields        | |  3.7

Action                   |  1- 3 |  4- 6 || total
-------------------------+-------+-------++-------
Melee: Flail             |    97 |    60 ||   157
       Kick              |    15 |    21 ||    36
       Peck              |    14 |     8 ||    22
 Abil: Fly               |       |     1 ||     1
  Use: Scroll            |     7 |     3 ||    10
       Potion            |       |     1 ||     1
  Eat: Chunk             |     1 |     3 ||     4
Armor: Scale mail        |    42 |    17 ||    59
Dodge: Dodged            |    27 |     9 ||    36
Block: Shield            |    46 |    22 ||    68
